 Dungeon Crawl Stone Soup version 0.18.1-5-g4a78601 (webtiles) character file.

347684 dorian the Shatterer (level 22, -10/240 HPs)
             Began as an Ogre Hunter on May 10, 2016.
             Was a High Priest of Okawaru.
             Mangled by an Ice Fiend (24 damage)
             ... summoned by a lich
             ... on level 3 of the Abyss.
             The game lasted 03:12:01 (54516 turns).

dorian the Shatterer (Ogre Hunter)                 Turns: 54516, Time: 03:12:02

Health: -10/240    AC: 24    Str: 24      XL:     22   Next: 15%
Magic:  34/34      EV: 12    Int: 22 (23) God:    Okawaru [*****.]
Gold:   3144       SH:  0    Dex: 13      Spells: 3 memorised, 30 levels left

rFire  + + +     SeeInvis .     a - +9 giant spiked club "Loghadi" {venom, rF+ Dex+3}
rCold  . . .     Gourm    .     W - +1 storm dragon armour
rNeg   + . .     Faith    .     (shield currently unavailable)
rPois  +         Spirit   .     b - +3 hat of Subjectivity {rF++ Int+7}
rElec  +         Dismiss  .     y - +1 cloak
rCorr  .         Reflect  .     (gloves unavailable)
SustAt .         Harm     .     (boots unavailable)
MR     ++...     Clarity  +     t - amulet of regeneration
Stlth  ..........               T - ring of positive energy
                                u - ring of poison resistance

@: non-regenerating, diseased, very resistant to hostile enchantments, extremely
unstealthy
A: unfitting armour, clarity, tough skin 1
a: Heroism, Finesse, Renounce Religion
}: 2/15 runes: serpentine, barnacled


You were on level 3 of the Abyss.
You worshipped Okawaru.
Okawaru was extremely pleased with you.
You were not hungry.

You visited 7 branches of the dungeon, and saw 40 of its levels.
You visited the Abyss 1 time.
You also visited: Volcano.

You collected 5221 gold pieces.
You spent 2077 gold pieces at shops.

Inventory:

Hand Weapons
 a - the +9 giant spiked club "Loghadi" (weapon) {venom, rF+ Dex+3}
   (Okawaru gifted it to you on level 4 of the Lair of Beasts)

   It poisons the flesh of those it strikes.
   It affects your dexterity (+3).
   It protects you from fire.
 p - the +9 spear of Cheibriados's Hope {freeze, *Drain rF+ SInv, unknown}
   (You found it on level 2 of the Elven Halls)

   It has been specially enchanted to freeze those struck by it, causing extra
   injury to most foes and up to half again as much damage against particularly
   susceptible opponents.
   It can also slow down cold-blooded creatures.
   It protects you from fire.
   It lets you see invisible.
   It causes draining when unequipped.
Missiles
 d - 93 tomahawks
 D - 20 javelins (quivered)
 K - 16 tomahawks of returning
 Q - 16 steel javelins
 R - 81 large rocks
Armour
 b - the +3 hat of Subjectivity (worn) {rF++ Int+7}
   (You acquired it on level 2 of the Shoals)

   It affects your intelligence (+7).
   It greatly protects you from fire.
 y - a +1 cloak (worn)
 W - a +1 storm dragon armour (worn)
Jewellery
 s - a +3 ring of protection
 t - an amulet of regeneration (around neck)
 u - a ring of poison resistance (left hand)
 E - an uncursed ring of resist corrosion
 F - an uncursed ring of flight
 T - a ring of positive energy (right hand)
 V - an uncursed ring of protection from magic {unknown}
Wands
 c - a wand of lightning (5/15)
 e - a wand of teleportation (1/9)
 h - a wand of acid (10/15)
 r - a wand of teleportation (5/9)
 C - a wand of hasting (3/9)
 J - a wand of digging (11/24)
 L - a wand of digging (12/24)
 U - a wand of iceblast (7/15)
 X - a wand of random effects (21/48)
Scrolls
 f - 5 scrolls of fear
 i - 2 scrolls of enchant weapon
 l - 3 scrolls of blinking
 n - 8 scrolls of teleportation
 o - a scroll of holy word
 w - 2 scrolls of recharging
 x - a scroll of vulnerability
 A - a scroll of torment
 B - 3 scrolls of immolation
 G - 19 scrolls of remove curse
 S - 4 scrolls of silence
Potions
 g - a potion of cancellation
 j - 7 potions of ambrosia
 z - a potion of resistance
 H - 14 potions of curing
 I - a potion of brilliance
 M - 2 potions of flight
 N - a potion of agility
 O - 9 potions of might
 P - a potion of heal wounds
 Z - 5 potions of berserk rage
Miscellaneous
 Y - a disc of storms
Comestibles
 k - 3 chunks of flesh
 m - 11 fruits
 q - 2 meat rations
 v - 18 bread rations


   Skills:
 + Level 18.3 Fighting
 - Level 24.4 Maces & Flails
 + Level 16.7 Throwing
 + Level 14.7 Armour
 - Level 11.3 Dodging
 - Level 0.7 Stealth
 - Level 8.0 Spellcasting
 - Level 12.4 Invocations


You had 30 spell levels left.
You knew the following spells:

 Your Spells              Type           Power        Failure   Level  Hunger
a - Regeneration          Chrm/Necr      #.........   86%         3    None
b - Song of Slaying       Chrm           #.......     47%         2    None
c - Shroud of Golubria    Chrm/Tloc      #.........   47%         2    None


Dungeon Overview and Level Annotations

Branches:
Dungeon (15/15)            Temple (0/1) D:4            Lair (8/8) D:11
 Shoals (4/4) Lair:4        Snake (4/4) Lair:6        Slime (0/6) Lair:8
    Orc (2/2) D:10            Elf (3/3) Orc:2        Vaults (4/5) D:13
  Crypt (0/3) Vaults:3     Depths (0/5) D:15

Altars:
Dithmenos
Gozag
Makhleb
Okawaru
Pakellas
Qazlal
Ru
Sif Muna
Trog
Vehumet
Beogh

Shops:
D:4 (   D:9 ?   Orc:2 =[(%   Elf:1 (   Elf:2 %   Snake:4 (   Vaults:2 *
Vaults:3 =

Portals:
Hell: Lair:8

Annotations:
Shoals:4 Ilsuiw; Liquid's ghost, adept TrMo
Elf:2 3 runed doors


Innate Abilities, Weirdness & Mutations

You are too large for most types of armour.
You have tough skin (AC +1).
You possess an exceptional clarity of mind.


Message History

The lich is moderately damaged.
The lich mumbles some strange words.
The lich flickers and vanishes!
Deactivating autopickup; reactivate with Ctrl-A.
You bludgeon something!!
Something touches you but does no damage.
You closely miss something. The ufetubus misses you.
The ufetubus barely misses you.
You closely miss something.
You hear some strange, mumbled words.
The ynoxinul hits you.
* * * LOW HITPOINT WARNING * * *
The Ice Fiend claws you.
* * * LOW HITPOINT WARNING * * *
The Ice Fiend freezes you!!
* * * LOW HITPOINT WARNING * * *
The Ice Fiend claws you!
* * * LOW HITPOINT WARNING * * *
The Ice Fiend freezes you!!
You die...

. #.......≈≈≈#
≈≈ . #...
...... ≈≈≈...
#..
.._...#≈..≈. .
####.# .##
.≈..≈.. ..
.##.###. ..≈. .
###.# ..... .
#.......≈≈
#1##.#...
#5@..#...
#..1{3......
...............
.......#.#.....
##..##.........
#.. #.........
... ..........
## #x .##....


You could see an Ice Fiend, an Executioner, a ynoxinul, a small abomination
(wandering) and an ufetubus.

Vanquished Creatures
  Sojobo (Vaults:3)
  Frederick (Vaults:2)
  Vashnia (Snake:2)
  Norris (Snake:3)
  Nikola (Shoals:3)
  Polyphemus (Shoals:2)
  A kraken (Shoals:3)
  Frances (D:14)
  Kirke (Lair:7)
  Roxanne (Snake:4)
  2 tengu reavers (Vaults:3)
  4 greater nagas (Snake:4)
  Donald (Snake:1)
  A fire giant (Vaults:4)
  A frost giant (Vaults:1)
  12 vault wardens
  An orc warlord (Orc:2)
  An angel (Abyss:3)
  Louise (Elf:3)
  Aizul (Snake:3)
  2 very ugly things (Vaults:4)
  5 ironheart preservers
  6 stone giants
  The ghost of SKei0 the Severer, a journeyman MiFi of Makhleb (Lair:5)
  A vampire knight (Vaults:3)
  A dire elephant (Lair:8)
  Nessos (D:14)
  4 deep elf demonologists
  A deep elf annihilator (Vaults:4)
  2 ettins
  A crystal guardian (Vaults:4)
  7 merfolk javelineers
  Josephine (D:11)
  7 merfolk impalers
  Snorg (Orc:1)
  2 deep elf death magi
  11 vault guards
  7 yaktaur captains
  2 deep elf high priests
  4 great orbs of eyes
  2 fire dragons
  The ghost of Rayvis the Severer, a journeyman MiFi (D:10)
  3 ice dragons
  17 naga warriors
  2 catoblepae
  10 hydras
  Erica (D:10)
  8 anacondas
  An alligator snapping turtle (Shoals:3)
  2 ogre magi
  4 merfolk avatars
  7 centaur warriors
  5 merfolk aquamancers
  A deep troll earth mage (D:12)
  16 dancing weapons
  A queen ant (Lair:6)
  19 naga sharpshooters
  14 death yaks
  An orc high priest (Elf:1)
  14 shock serpents
  Urug (Orc:1)
  15 deep elf knights
  A fire crab (shapeshifter) (Elf:1)
  A shadow wraith (Vaults:4)
  A sun demon (Lair:8)
  14 sea snakes
  2 fire crabs
  3 salamander mystics
  4 unseen horrors
  3 giant orange brains
  4 deep trolls (Vaults:4)
  10 naga ritualists
  12 harpies
  3 hill giants
  13 deep elf archers
  2 necromancers
  A sphinx zombie (Vaults:2)
  A wolf spider zombie (D:13)
  10 ironbrand convokers
  10 orc knights
  10 mana vipers
  A wolf spider (Vaults:3)
  A wizard (Lair:8)
  A tengu skeleton (Vaults:3)
  6 cyclopes
  6 orc sorcerers
  26 ugly things
  2 hornets (shapeshifter)
  2 phantasmal warriors
  18 fauns
  12 salamanders
  A hornet (Vaults:4)
  11 griffons
  31 deep elf magi
  11 manticores
  A sixfirhy (Lair:8)
  10 sirens
  A worldbinder (Abyss:3)
  19 elephants
  34 naga magi
  13 vault sentinels
  A black mamba (shapeshifter) (Vaults:2)
  A centaur zombie (D:15)
  A smoke demon (Lair:8)
  3 water nymphs
  46 black mambas
  5 centaur skeletons
  A torpor snail (Lair:4)
  An eye of devastation (shapeshifter) (Elf:2)
  2 orange demons (Lair:8)
  Psyche (D:8)
  5 gargoyles
  A spiny frog (shapeshifter) (Vaults:2)
  A human zombie (Vaults:2)
  A komodo dragon (shapeshifter) (Vaults:3)
  12 spiny frogs
  3 rime drakes (Lair:8)
  38 yaktaurs
  A kobold demonologist (Vaults:3)
  4 freezing wraiths
  4 komodo dragons
  A tengu conjurer (D:14)
  2 ancient zymes (Abyss:3)
  3 ice devils (Lair:8)
  6 trolls
  A troll (shapeshifter) (D:12)
  2 red devils (Lair:8)
  A polar bear (shapeshifter) (Vaults:3)
  4 raiju (Abyss:3)
  28 merfolk
  2 wind drakes
  6 two-headed ogres
  6 snapping turtles
  4 blink frogs (Lair:5)
  6 boulder beetles
  3 slime creatures
  2 large abominations (Abyss:3)
  A redback (shapeshifter) (D:12)
  2 air elementals
  4 wraiths
  2 shadows
  A tarantella (shapeshifter) (Vaults:1)
  3 vampires (Vaults:3)
  66 yaks
  Sigmund (D:6)
  2 wyverns (D:12)
  8 water elementals
  2 fire elementals
  4 hogs (Lair:7)
  Eustachio (D:6)
  8 basilisks
  9 hippogriffs
  A golden eye (shapeshifter) (Vaults:1)
  A neqoxec (Abyss:3)
  15 vampire mosquitoes
  2 hungry ghosts
  4 wargs
  2 mottled dragons (Vaults:1)
  4 swamp worms (D:11)
  2 steam dragons
  45 nagas
  6 soldier ants (Lair:6)
  A soldier ant (shapeshifter) (Vaults:2)
  19 water moccasins
  4 hell hounds
  14 porcupines
  45 orc warriors
  7 ice beasts
  3 sky beasts
  3 black bears
  A black bear (shapeshifter) (D:15)
  2 necrophages (D:9)
  17 ogres
  17 wolves
  An elf skeleton (Vaults:2)
  3 centaurs
  A crocodile (shapeshifter) (D:14)
  23 crocodiles
  7 big kobolds
  19 giant frogs
  2 gnoll sergeants
  A wyvern zombie (D:12)
  5 earth elementals
  A human skeleton (Vaults:2)
  A wyvern skeleton (D:12)
  5 scorpions
  6 killer bees (D:10)
  2 human simulacra (Vaults:3)
  3 wights (D:8)
  3 electric eels
  7 howler monkeys
  2 giant frog zombies
  A wasp zombie (D:9)
  11 crimson imps
  A quasit (D:14)
  4 giant frog skeletons
  5 jellies
  A gnoll shaman (D:5)
  29 orc priests
  3 hounds
  9 iguanas
  23 orc wizards
  3 hell rats (Lair:5)
  40 worker ants
  55 sheep
  A hound skeleton (D:9)
  A howler monkey zombie (D:8)
  2 worker ant zombies
  12 gnolls
  4 adders
  94 river rats
  5 shadow imps
  2 oozes (D:1)
  An adder skeleton (D:8)
  16 worms
  2 dart slugs
  3 giant geckos
  112 orcs
  4 giant cockroaches
  3 goblins
  5 hobgoblins
  12 jackals
  6 kobolds
  A quokka (D:5)
  2 ball pythons
  7 bats
  A giant gecko skeleton (D:4)
  A giant newt (D:3)
  10 rats
  2 plants
  3 tentacles (Shoals:3)
1686 creatures vanquished.

Vanquished Creatures (others)
  A deep elf knight (Elf:3)
  A water elemental (Elf:1)
  An orc (Orc:1)
  9 fungi
  13 plants
  3 tentacles (Shoals:3)
  78 tentacle segments (Shoals:3)
106 creatures vanquished.

Grand Total: 1792 creatures vanquished

Notes
Turn   | Place    | Note
--------------------------------------------------------------
     0 | D:1      | dorian the Ogre Hunter began the quest for the Orb.
     0 | D:1      | Reached XP level 1. HP: 22/22 MP: 1/1
    88 | D:1      | Reached XP level 2. HP: 13/29 MP: 2/2
   534 | D:1      | Reached skill level 1 in Maces & Flails
   534 | D:1      | Reached XP level 3. HP: 25/36 MP: 3/3
  1085 | D:2      | Found an opulent altar of Gozag.
  1628 | D:2      | Reached skill level 2 in Maces & Flails
  1628 | D:2      | Reached skill level 5 in Throwing
  1852 | D:2      | Found a faded altar to an unknown god.
  2310 | D:3      | Reached XP level 4. HP: 29/44 MP: 4/4
  2365 | D:3      | Found an iron altar of Okawaru.
  2372 | D:3      | Became a worshipper of Warmaster Okawaru
  2468 | D:3      | Found a deep blue altar of Sif Muna.
  2470 | D:3      | Found a bloodstained altar of Trog.
  2572 | D:4      | Found a staircase to the Ecumenical Temple.
  2922 | D:4      | Found Irarem's Weapon Shop.
  2930 | D:4      | Reached skill level 3 in Maces & Flails
  3107 | D:4      | Reached XP level 5. HP: 11/50 MP: 5/5
  3430 | D:5      | Entered Level 5 of the Dungeon
  3532 | D:5      | Reached skill level 4 in Maces & Flails
  3809 | D:5      | Reached XP level 6. HP: 57/59 MP: 6/6
  3920 | D:5      | Reached skill level 5 in Maces & Flails
  4063 | D:5      | Noticed a sky beast
  4064 | D:5      | Killed a sky beast
  4064 | D:5      | Reached * piety under Okawaru
  4081 | D:5      | Gained mutation: You possess an exceptional clarity of mind. [mutagenic meat]
  4298 | D:5      | Reached XP level 7. HP: 60/66 MP: 7/7
  4362 | D:6      | Reached skill level 6 in Maces & Flails
  4442 | D:6      | Noticed Eustachio
  4446 | D:6      | Killed Eustachio
  4571 | D:6      | Reached ** piety under Okawaru
  4620 | D:6      | Found a radiant altar of Vehumet.
  4637 | D:6      | Reached skill level 1 in Invocations
  4715 | D:6      | Reached skill level 7 in Maces & Flails
  4834 | D:6      | Reached XP level 8. HP: 62/74 MP: 9/9
  4860 | D:6      | Noticed Sigmund
  4870 | D:6      | Killed Sigmund
  5577 | D:7      | Reached skill level 8 in Maces & Flails
  5656 | D:7      | Reached *** piety under Okawaru
  5872 | D:7      | Found a shadowy altar of Dithmenos.
  5887 | D:7      | Reached skill level 9 in Maces & Flails
  5908 | D:7      | Reached XP level 9. HP: 74/80 MP: 12/12
  6103 | D:7      | Received a gift from Okawaru
  6103 | D:7      | Reached skill level 5 in Invocations
  6326 | D:8      | Found an oddly glowing altar of Pakellas.
  6633 | D:8      | Noticed Psyche
  6647 | D:8      | Killed Psyche
  6647 | D:8      | Reached skill level 10 in Maces & Flails
  6847 | D:8      | Found a stormy altar of Qazlal.
  6985 | D:8      | Received a gift from Okawaru
  7284 | D:9      | Reached **** piety under Okawaru
  7284 | D:9      | Reached skill level 11 in Maces & Flails
  7324 | D:9      | Reached skill level 10 in Throwing
  7465 | D:9      | Found a burning altar of Makhleb.
  7478 | D:9      | Reached XP level 10. HP: 91/91 MP: 13/13
  7848 | D:9      | Received a gift from Okawaru
  7850 | D:9      | Found Dehelel's Magic Scroll Shop.
  7870 | D:9      | Bought a scroll of identify for 28 gold pieces
  7870 | D:9      | Bought a scroll of identify for 28 gold pieces
  8102 | D:10     | Entered Level 10 of the Dungeon
  8122 | D:10     | Noticed Rayvis's ghost (journeyman MiFi)
  8338 | D:10     | Reached skill level 5 in Fighting
  8798 | D:10     | Reached skill level 12 in Maces & Flails
  8874 | D:10     | Received a gift from Okawaru
  8928 | D:10     | Killed an unseen horror
  9206 | D:10     | Killed an unseen horror
  9206 | D:10     | Received a gift from Okawaru
  9206 | D:10     | Reached skill level 5 in Dodging
  9278 | D:10     | Reached XP level 11. HP: 110/110 MP: 11/14
  9602 | D:10     | Killed Rayvis's ghost
  9602 | D:10     | Reached ***** piety under Okawaru
  9602 | D:10     | Reached skill level 13 in Maces & Flails
  9727 | D:10     | Noticed Erica
  9745 | D:10     | Killed Erica
  9745 | D:10     | Received a gift from Okawaru
 10149 | D:10     | Found a staircase to the Orcish Mines.
 10328 | D:11     | Noticed a red ugly thing
 10334 | D:11     | Noticed Josephine
 10338 | D:10     | Killed a red ugly thing
 10398 | D:11     | Killed Josephine
 10398 | D:11     | Reached skill level 10 in Fighting
 10401 | D:11     | Reached skill level 14 in Maces & Flails
 10595 | D:11     | Noticed a hill giant
 10600 | D:11     | Killed a hill giant
 10600 | D:11     | Reached XP level 12. HP: 104/127 MP: 12/15
 10895 | D:11     | Found a staircase to the Lair.
 11282 | D:11     | Received a gift from Okawaru
 11586 | Lair:1   | Entered Level 1 of the Lair of Beasts
 11686 | Lair:1   | Reached skill level 1 in Armour
 11697 | Lair:1   | Noticed a seven-headed hydra
 11740 | Lair:1   | Killed a seven-headed hydra
 12039 | Lair:1   | Received a gift from Okawaru
 12775 | Lair:2   | Received a gift from Okawaru
 13852 | Lair:3   | Reached XP level 13. HP: 99/141 MP: 13/16
 14070 | Lair:3   | Received a gift from Okawaru
 15733 | Lair:4   | Reached skill level 5 in Armour
 16069 | Lair:4   | Received a gift from Okawaru
 16069 | Lair:4   | Reached skill level 15 in Maces & Flails
 16107 | Lair:4   | Got a slimy giant spiked club {god gift}
 16108 | Lair:4   | Identified the +9 giant spiked club "Loghadi" {venom, rF+ Dex+3} (Okawaru gifted it to you on level 4 of the Lair of Beasts)
 16335 | Lair:4   | Found a staircase to the Shoals.
 16683 | Lair:5   | Noticed SKei0's ghost (journeyman MiFi)
 16702 | Lair:5   | Killed SKei0's ghost
 16942 | Lair:5   | Found a sacrificial altar of Ru.
 17540 | Lair:6   | Found a dark tunnel.
 17551 | Volcano  | Entered a volcano
 17579 | Volcano  | Reached skill level 16 in Maces & Flails
 17871 | Lair:6   | Received a gift from Okawaru
 17895 | Lair:6   | Found a staircase to the Snake Pit.
 18012 | Lair:6   | Reached XP level 14. HP: 151/153 MP: 15/17
 18061 | Lair:6   | Received a gift from Okawaru
 18965 | D:9      | Bought a scroll of identify for 28 gold pieces
 18965 | D:9      | Bought a scroll of identify for 28 gold pieces
 19403 | Lair:7   | Received a gift from Okawaru
 19403 | Lair:7   | Reached skill level 17 in Maces & Flails
 19636 | Lair:7   | Noticed Kirke
 19807 | Lair:7   | Killed Kirke
 19807 | Lair:7   | Received a gift from Okawaru
 19807 | Lair:7   | Received a gift from Okawaru
 20331 | Lair:8   | Entered Level 8 of the Lair of Beasts
 20463 | Lair:8   | Received a gift from Okawaru
 20565 | Lair:8   | Noticed a dire elephant
 20578 | Lair:8   | Killed a dire elephant
 20578 | Lair:8   | Received a gift from Okawaru
 20631 | Lair:8   | Reached skill level 18 in Maces & Flails
 20949 | Lair:8   | Reached skill level 19 in Maces & Flails
 21071 | Lair:8   | Found a staircase to the Slime Pits.
 21081 | Lair:8   | Reached XP level 15. HP: 161/161 MP: 15/18
 21153 | Lair:8   | Found an oddly glowing altar of Pakellas.
 21419 | Lair:8   | Found a burning altar of Makhleb.
 21431 | Lair:8   | Received a gift from Okawaru
 21767 | Lair:8   | Found a gateway to Hell.
 22091 | Orc:1    | Entered Level 1 of the Orcish Mines
 22154 | Orc:2    | Entered Level 2 of the Orcish Mines
 22270 | Orc:1    | Noticed Urug
 22312 | Orc:1    | Killed Urug
 22367 | Orc:1    | Found a roughly hewn altar of Beogh.
 22462 | Orc:1    | Noticed Snorg
 22473 | Orc:1    | Killed Snorg
 22475 | Orc:1    | Reached skill level 20 in Maces & Flails
 22708 | Orc:2    | Found a staircase to the Elven Halls.
 22854 | Orc:2    | Found a roughly hewn altar of Beogh.
 22872 | Orc:2    | Found Plog's Food Shoppe.
 22896 | Orc:2    | Found a burning altar of Makhleb.
 23193 | Orc:2    | Found a roughly hewn altar of Beogh.
 23279 | Orc:2    | Found a roughly hewn altar of Beogh.
 23296 | Orc:2    | Found Lim Ibby's Jewellery Emporium.
 23537 | Orc:2    | Noticed an orc warlord
 23547 | Orc:2    | Killed an orc warlord
 23698 | Orc:2    | Found Didweim's Antique Armour Shoppe.
 23699 | Orc:2    | Found a roughly hewn altar of Beogh.
 23700 | Orc:2    | Found Ocyxoliyty's Antique Weapon Emporium.
 23720 | Orc:2    | Bought a runed fire dragon armour for 1560 gold pieces
 24146 | Shoals:1 | Entered Level 1 of the Shoals
 24312 | Shoals:1 | Received a gift from Okawaru
 24936 | Shoals:1 | Reached skill level 21 in Maces & Flails
 25538 | Shoals:2 | Noticed Polyphemus
 25545 | Shoals:1 | Received a gift from Okawaru
 25688 | Shoals:1 | Reached XP level 16. HP: 170/170 MP: 17/19
 25768 | Shoals:2 | Killed Polyphemus
 25768 | Shoals:2 | Received a gift from Okawaru
 25768 | Shoals:2 | Reached skill level 10 in Armour
 26460 | Shoals:2 | Reached skill level 22 in Maces & Flails
 26934 | Shoals:2 | Received a gift from Okawaru
 27163 | Shoals:3 | Received a gift from Okawaru
 27746 | Shoals:3 | Got a scorched spear {drain}
 28094 | Shoals:2 | Identified a scroll of acquirement
 28095 | Shoals:2 | Got an encrusted hat
 28106 | Shoals:2 | Identified the +3 hat of Subjectivity {rF++ Int+7} (You acquired it on level 2 of the Shoals)
 28607 | Shoals:3 | Noticed a kraken
 28623 | Shoals:3 | Killed a kraken
 28676 | Shoals:3 | Identified the Handbook of Creative Confrontation (You found it on level 3 of the Shoals)
 28757 | Shoals:4 | Entered Level 4 of the Shoals
 29001 | Shoals:3 | Received a gift from Okawaru
 29002 | Shoals:3 | Got a fabulously ornate robe {god gift}
 29013 | Shoals:3 | Identified the +0 robe of the Present {*Corrode rF+ Dex+4 SInv} (Okawaru gifted it to you on level 3 of the Shoals)
 29031 | Shoals:4 | Noticed Liquid's ghost (adept TrMo)
 29458 | Shoals:3 | Reached skill level 23 in Maces & Flails
 29645 | Shoals:4 | Noticed Nikola
 29837 | Shoals:3 | Killed Nikola
 29837 | Shoals:3 | Reached XP level 17. HP: 67/178 MP: 20/20
 30460 | Shoals:4 | Got a barnacled rune of Zot
 30658 | Shoals:4 | Noticed Ilsuiw
 31420 | D:12     | Received a gift from Okawaru
 31814 | D:12     | Received a gift from Okawaru
 32276 | D:13     | Received a gift from Okawaru
 32482 | D:13     | Found a gate to the Vaults.
 32504 | D:13     | Received a gift from Okawaru
 32515 | D:13     | Reached skill level 24 in Maces & Flails
 33603 | D:14     | Received a gift from Okawaru
 33640 | D:14     | Found a burning altar of Makhleb.
 33687 | D:14     | Noticed Nessos
 33698 | D:14     | Killed Nessos
 34039 | D:14     | Noticed Frances
 34055 | D:14     | Killed Frances
 34170 | D:15     | Entered Level 15 of the Dungeon
 34320 | D:15     | Reached XP level 18. HP: 182/185 MP: 21/21
 34550 | D:15     | Found a staircase to the Depths.
 34640 | D:15     | Received a gift from Okawaru
 34957 | D:15     | Learned a level 3 spell: Regeneration
 35326 | Snake:1  | Entered Level 1 of the Snake Pit
 35389 | Snake:1  | Reached skill level 1 in Spellcasting
 35678 | Snake:1  | Received a gift from Okawaru
 36114 | Snake:1  | Noticed Donald
 36124 | Snake:1  | Killed Donald
 36134 | Snake:1  | Got a dazzling shield {Donald}
 36608 | Snake:1  | Identified the cursed +0 shield of Maomp {rElec rC++ Stlth-} (You took it off Donald on level 1 of the Snake Pit)
 36663 | Snake:2  | Received a gift from Okawaru
 37325 | Snake:2  | Reached ****** piety under Okawaru
 37509 | Snake:2  | Noticed Vashnia
 37581 | Snake:2  | Killed Vashnia
 37581 | Snake:2  | Received a gift from Okawaru
 37602 | Snake:2  | Got an ichor-stained giant spiked club {god gift}
 38148 | Snake:2  | Identified the +5 giant spiked club "Ynoesyiq" {venom, Fragile rPois Str+4 Dex+5} (Okawaru gifted it to you on level 2 of the Snake Pit)
 38861 | Snake:2  | Reached skill level 10 in Dodging
 39624 | Snake:3  | Received a gift from Okawaru
 39661 | Snake:3  | Noticed Aizul
 39666 | Snake:3  | Reached XP level 19. HP: 158/198 MP: 23/26
 39679 | Snake:3  | Killed Aizul
 39679 | Snake:3  | Reached skill level 5 in Spellcasting
 40281 | Snake:3  | Noticed Norris
 40300 | Snake:3  | Killed Norris
 40681 | Snake:4  | Entered Level 4 of the Snake Pit
 40937 | Snake:4  | Found Itauxyowou's Antique Weapon Shoppe.
 40946 | Snake:4  | Bought a runed demon whip for 375 gold pieces
 41004 | Snake:4  | Reached skill level 15 in Fighting
 41011 | Snake:4  | Received a gift from Okawaru
 41406 | Snake:4  | Noticed Roxanne
 41424 | Snake:4  | Killed Roxanne
 41432 | Snake:4  | Identified Roxanne's Collected Works on Stones (You took it off Roxanne on level 4 of the Snake Pit)
 41604 | Snake:4  | Reached skill level 15 in Throwing
 41792 | Snake:4  | Received a gift from Okawaru
 42581 | Snake:4  | Got a serpentine rune of Zot
 42967 | Snake:4  | Learned a level 2 spell: Song of Slaying
 42970 | Snake:4  | Learned a level 2 spell: Shroud of Golubria
 43335 | Vaults:1 | Entered Level 1 of the Vaults
 43557 | Vaults:1 | Received a gift from Okawaru
 43558 | Vaults:1 | Got a transparent dire flail {god gift}
 43561 | Vaults:1 | Identified the +10 dire flail of Midnight {vamp, +Fly rN+ MP-9 Str+2} (Okawaru gifted it to you on level 1 of the Vaults)
 43749 | Vaults:1 | Reached XP level 20. HP: 213/213 MP: 27/30
 45039 | Vaults:2 | Received a gift from Okawaru
 45057 | Vaults:2 | Got a smoking great mace {god gift}
 45153 | Vaults:2 | Identified the +1 great mace of Birirch {crush, *Confuse rN+++ MR+++ Str-5} (Okawaru gifted it to you on level 2 of the Vaults)
 45248 | Vaults:2 | Noticed Frederick
 45263 | Vaults:2 | Killed Frederick
 45447 | Vaults:2 | Found Feut Gimmatt's General Store.
 45455 | Vaults:2 | Bought a scroll of identify for 30 gold pieces
 46053 | Vaults:2 | Received a gift from Okawaru
 46331 | Vaults:2 | Paralysed by an orc sorcerer for 2 turns
 46359 | Vaults:2 | Received a gift from Okawaru
 46381 | Vaults:2 | Got a crystal giant club {god gift}
 47672 | Vaults:3 | Paralysed by something for 3 turns
 47686 | Vaults:3 | Noticed Sojobo
 47959 | Vaults:3 | Killed Sojobo
 48168 | Vaults:3 | Reached skill level 10 in Invocations
 48588 | Vaults:3 | Found Goruhih's Jewellery Emporium.
 48830 | Vaults:3 | Reached XP level 21. HP: 200/223 MP: 33/33
 49579 | Vaults:3 | Found a staircase to the Crypt.
 49869 | Vaults:4 | Received a gift from Okawaru
 50022 | Vaults:4 | Got a pitted giant spiked club {god gift}
 50169 | Vaults:4 | Identified the +5 giant club "Sep Sina" {crush, rC++ Stlth-} (Okawaru gifted it to you on level 2 of the Vaults)
 50170 | Vaults:4 | Identified the +5 giant spiked club "Kuenoeh" {flame, +Fly rN+ Str-4 Dex+4} (Okawaru gifted it to you on level 4 of the Vaults)
 51262 | Vaults:4 | Received a gift from Okawaru
 51695 | Elf:1    | Entered Level 1 of the Elven Halls
 51846 | Elf:1    | Found Gaciomm's Weapon Shoppe.
 52949 | Elf:2    | Found Gunopeiq's Food Emporium.
 52955 | Elf:2    | Got a twisted spear
 53529 | Elf:2    | Found a runed gate.
 53529 | Elf:2    | Found a runed gate.
 53529 | Elf:2    | Found a runed gate.
 53692 | Elf:3    | Entered Level 3 of the Elven Halls
 53715 | Elf:3    | Reached XP level 22. HP: 239/239 MP: 34/34
 53879 | Elf:3    | Noticed Louise
 53890 | Elf:3    | Killed Louise
 54368 | Elf:3    | Cast into level 3 of the Abyss (a deep elf demonologist)
 54369 | Abyss:3  | Found a burning altar of Makhleb.
 54516 | Abyss:3  | Mangled by an Ice Fiend

Skill      XL: |  1  2  3  4  5  6  7  8  9 10 11 12 13 14 15 16 17 18 19 20 21 |
---------------+----------------------------------------------------------------+-----
Maces & Flails | 1 2 3 4 5 7 9 11 12 14 16 19 21 23 24 | 24.4
Throwing       | 5 6 7 8 10 11 12 13 14 15 16 | 16.7
Invocations    | 2 4 5 10 12 | 12.4
Fighting       | 3 7 10 12 13 14 15 16 18 | 18.3
Dodging        | 2 5 7 8 9 10 11 | 11.3
Armour         | 3 6 8 9 11 12 13 14 | 14.7
Spellcasting   | 4 7 8 |  8.0
Stealth        | |  0.7

Action                   |  1- 3 |  4- 6 |  7- 9 | 10-12 | 13-15 | 16-18 | 19-21 | 22-24 || total
-------------------------+-------+-------+-------+-------+-------+-------+-------+-------++-------
Melee: Short sword       |    87 |       |       |       |       |       |       |       ||    87
       Mace              |    47 |   172 |   315 |   651 |    57 |       |       |       ||  1242
       Punch             |       |       |       |     7 |       |       |       |       ||     7
       Great mace        |       |       |       |       |   240 |       |       |       ||   240
       Giant spiked club |       |       |       |       |   858 |  1086 |  1223 |    83 ||  3250
       Unarmed           |       |       |       |       |     1 |       |       |       ||     1
Throw: Large rock        |     3 |     8 |    33 |    99 |    35 |   130 |   117 |       ||   425
       Tomahawk          |       |       |    61 |   256 |   181 |    97 |    44 |    35 ||   674
       Throwing net      |       |       |     8 |     2 |     1 |       |       |       ||    11
       Javelin           |       |       |     7 |    86 |    26 |    83 |   260 |    11 ||   473
Invok: Heroism           |       |       |     3 |    26 |    43 |    35 |    18 |     2 ||   127
       Finesse           |       |       |       |       |       |       |     9 |     2 ||    11
Evoke: Wand              |       |       |       |     2 |     1 |     4 |     1 |     2 ||    10
  Use: Potion            |     2 |       |       |     1 |     4 |     6 |     3 |       ||    16
       Scroll            |       |    12 |     5 |     9 |    14 |    14 |    10 |       ||    64
 Stab: Sleeping          |     2 |       |       |       |     3 |       |       |       ||     5
       Held in net/web   |       |       |     3 |       |       |       |       |       ||     3
  Eat: Chunk             |     4 |     7 |    14 |    23 |    37 |    26 |    26 |     3 ||   140
       Pizza             |       |       |       |       |     1 |     6 |     2 |       ||     9
       Beef jerky        |       |       |       |       |     1 |     1 |     1 |       ||     3
       Fruit             |       |       |       |       |     3 |       |    14 |       ||    17
       Meat ration       |       |       |       |       |       |     2 |     1 |       ||     3
       Royal jelly       |       |       |       |       |       |     1 |       |       ||     1
Armor: Robe              |    50 |    73 |    95 |   104 |       |       |       |       ||   322
       Troll leather arm |       |       |       |   135 |   309 |       |       |       ||   444
       Skin              |       |       |       |     3 |       |       |       |       ||     3
       Fire dragon armou |       |       |       |       |    84 |   538 |       |       ||   622
       Ice dragon armour |       |       |       |       |       |   184 |    74 |       ||   258
       Storm dragon armo |       |       |       |       |       |       |   497 |    40 ||   537
Dodge: Dodged            |   104 |    77 |   138 |   346 |   847 |   589 |   497 |    29 ||  2627
